 Dungeon Crawl Stone Soup version 0.29-a0-1030-gf5f8719cae (webtiles) character file.

Game seed: 14746269372357777926

17 nkekgw the Sneak (level 2, 0/13 HPs)
             Began as a Spriggan Enchanter on Aug 14, 2022.
             Slain by a frilled lizard (1 damage)
             ... on level 2 of the Dungeon.
             The game lasted 00:01:18 (1466 turns).

nkekgw the Sneak (Spriggan Enchanter)               Turns: 1466, Time: 00:01:18

Health: 0/13       AC:  0    Str:  4    XL:     2   Next: 44%
Magic:  7/7        EV: 17    Int: 16    God:
Gold:   47         SH:  0    Dex: 15    Spells: 5/7 levels left

rFire   . . .      SeeInvis +   c - +0 dagger
rCold   . . .      Faith    .   (no shield)
rNeg    . . .      Spirit   .   (body armour restricted)
rPois   .          Reflect  .   (helmet restricted)
rElec   .          Harm     .   (no cloak)
rCorr   .          Rampage  .   (gloves unavailable)
Will    .....                   (boots unavailable)
Stlth   +++.......              (no amulet)
HPRegen 0.04/turn               (no ring)
MPRegen 0.10/turn               (no ring)

@: very quick
A: very small, no large weapons, unfitting armour, see invisible, speed 3
a: no special abilities


You were on level 2 of the Dungeon.
You visited 1 branch of the dungeon, and saw 2 of its levels.

You collected 47 gold pieces.

Inventory:

Hand Weapons
 b - a +0 club
 c - a +0 dagger (weapon)
Potions
 a - a potion of haste


   Skills:
 - Level 2.6 Dodging
 - Level 4.4 Stealth
 - Level 0.7 Unarmed Combat
 + Level 3.4 Spellcasting
 + Level 4.2 Hexes


You had 5 spell levels left.
You knew the following spells:

 Your Spells              Type           Power      Damage    Failure   Level
a - Ensorcelled Hibernat  Hex/Ice        18%        N/A       12%         2

Your spell library contained the following spells:

 Spells                   Type           Power      Damage    Failure   Level
 Confusing Touch          Hex            16%        N/A       10%         3
 Tukima's Dance           Hex            16%        N/A       10%         3
 Dazzling Flash           Conj/Hex       18%        N/A       22%         3
 Petrify                  Tmut/Erth      2%         N/A       87%         4
 Metabolic Englaciation   Hex/Ice        4%         N/A       91%         5
 Statue Form              Tmut/Erth      1%         N/A       100%        6


Dungeon Overview and Level Annotations

Branches:
Dungeon (2/15)

Altars:


Innate Abilities, Weirdness & Mutations

You are very small and have problems with some larger weapons.
You are too small for most types of armour.
You have supernaturally acute eyesight. (SInv)
You cover ground extremely quickly. (Speed+++)


Message History

The rat is moderately wounded.
The rat completely misses you.
You barely miss the rat.
The rat is moderately wounded.
The rat barely misses you.
You hit the rat.
You kill the rat!
You hit the endoplasm but do no damage. The endoplasm closely misses you.
You hit the endoplasm but do no damage. The endoplasm barely misses you.
You hit the endoplasm but do no damage. The endoplasm hits you.
You are too injured to fight recklessly!
You are too injured to fight recklessly!
You are too injured to fight recklessly!
You are too injured to fight recklessly!
Unknown command.
You hit the endoplasm.
The endoplasm is moderately wounded.
Your butterfly disappears in a burst of colours! x2
The endoplasm misses you.
You hit the endoplasm.
The endoplasm is severely wounded.
The endoplasm barely misses you.
You hit the endoplasm.
You kill the endoplasm!
There is an open door here.
A frilled lizard is nearby!
You are too injured to fight recklessly!
You are too injured to fight recklessly!
You are too injured to fight recklessly!
The frilled lizard hisses angrily.
You barely miss the frilled lizard.
The frilled lizard hisses.
The frilled lizard misses you.
You closely miss the frilled lizard. The frilled lizard bites you.
You closely miss the frilled lizard.
Your butterfly disappears in a burst of colours!
The frilled lizard bites you.
* * * LOW HITPOINT WARNING * * *
You barely miss the frilled lizard. The frilled lizard bites you.
You die...

......# ......# ......#
######## ..#####
#......# ..# #......#
..# #......##+
..#############.........
..##..........#.l.......
..''............@b......
...#..........#......##+
...#..........#......#
...#..........#......##+
...#..........#.........
...#..........##'####...
...######...............
...# #...............
...# #...............


You could see a frilled lizard.

Vanquished Creatures
  A dart slug (D:1)
  2 bats (D:1)
  An endoplasm (D:2)
  A quokka (D:2)
  2 ball pythons (D:1)
  2 frilled lizards (D:1)
  3 goblins (D:1)
  A kobold (D:1)
  4 rats
17 creatures vanquished.

Notes
Turn   | Place    | Note
-------+----------+-------------------------------------------
     0 | D:1      | nkekgw the Spriggan Enchanter began the quest for the Orb.
     0 | D:1      | Reached XP level 1. HP: 9/9 MP: 5/5
   791 | D:1      | Reached XP level 2. HP: 12/13 MP: 7/7
   796 | D:1      | Learned a level 2 spell: Ensorcelled Hibernation
  1466 | D:2      | Slain by a frilled lizard

Illustrated notes

Levels and vault maps discovered:
D:1:      mrwooster_arrival_arrow, layout_basic, serial_curves, eino_curves_02,
          eino_curves_04, serial_park_tiny_2
D:2:      minmay_diamond_boxcup, layout_basic,
          hellmonk_ecumenical_altar_arch_garden

Skill      XL: |  1 |
---------------+----+-----
Spellcasting   | 3 |  3.4
Hexes          | 4 |  4.2
Dodging        | |  2.6
Stealth        | |  4.4
Unarmed Combat | |  0.7

Action                   || total
-------------------------++-------
Melee: Dagger            ||    57
       Club              ||     8
       Unarmed           ||     8
       Punch             ||     2
 Cast: Ensorcelled Hiber ||     1
  Use: Potion            ||     1
       Scroll            ||     1
 Stab: Sleeping          ||     6
Dodge: Dodged            ||    51

Table legend: (Time is in decaauts)
 A = Elapsed time spent in this place.
 B = Non-inter-level travel time spent in this place.
 C = Inter-level travel time spent in this place.
 D = Time resting spent in this place.
 E = Time spent auto-exploring this place.
 F = Levels seen in this place.
 G = Mean time per level.
                   A        B        C        D        E       F      G
               +--------+--------+--------+--------+--------+-----+--------+
         Total |   1183 |   1167 |     16 |      0 |   1039 |   2 |  591.5 |
       Dungeon |   1183 |   1167 |     16 |      0 |   1039 |   2 |  591.5 |
               +--------+--------+--------+--------+--------+-----+--------+

Top non-repeatable levels by time:
     D:1: 1083 daAuts
     D:2: 100 daAuts
